 Dungeon Crawl Stone Soup version 0.27-a0-1374-gc14e5d3922 (webtiles) character file.

Game seed: 6386056414161079247

6032 Froggeryz the Slicer (level 10, -3/63 HPs)
             Began as an Octopode Berserker on June 29, 2021.
             Was a High Priest of Trog.
             Shot with an arrow by a centaur warrior (14 damage)
             ... on level 9 of the Dungeon.
             The game lasted 00:11:10 (11374 turns).

Froggeryz the Slicer (Octopode Berserker)          Turns: 11374, Time: 00:11:10

Health: -3/63      AC:  2    Str: 17    XL:     10   Next: 86%
Magic:  10/10      EV: 17    Int:  9    God:    Trog [*****.]
Gold:   424        SH:  0    Dex: 15    Spells: 9/9 levels left

rFire    + . .     SeeInvis .   a - +4 dagger (venom)
rCold    . . .     Faith    .   (no shield)
rNeg     . . .     Spirit   .   p - +1 hat
rPois    .         Reflect  .   r - amulet of the acrobat
rElec    .         Harm     .   u - ring of protection from fire
rCorr    .         Rampage  .   (no ring)
Will     .....                  (no ring)
Stlth    ++++++....             (no ring)
HPRegen  0.20/turn              (no ring)
MPRegen  0.12/turn              (no ring)
                                (no ring)
                                (no ring)

@: no status effects
A: almost no armour, amphibious, 8 rings, camouflage 1, gelatinous body 1,
(nimble swimmer 1), tentacles
a: Renounce Religion, Berserk, Trog's Hand, Brothers in Arms


You were on level 9 of the Dungeon.
You worshipped Trog.
Trog was extremely pleased with you.
You visited 1 branch of the dungeon, and saw 9 of its levels.

You collected 490 gold pieces.
You spent 66 gold pieces at shops.

Inventory:

Hand Weapons
 a - a +4 dagger of venom (weapon)
Missiles
 f - a curare-tipped dart
 q - 10 poisoned darts
 w - 5 boomerangs of dispersal
 A - 2 boomerangs
 D - a throwing net
Armour
 p - a +1 hat (worn)
 C - a +1 kite shield of protection
Jewellery
 r - an amulet of the acrobat (around mantle)
 u - a ring of protection from fire (left tentacle)
Wands
 e - a wand of iceblast (7)
 k - a wand of flame (11)
 z - a wand of digging (4)
Scrolls
 g - 4 scrolls of magic mapping
 t - a scroll of fog
 y - a scroll of blinking
 B - a scroll of enchant weapon
Potions
 b - 3 potions of brilliance {unknown}
 c - a potion of invisibility {unknown}
 d - 3 potions of flight {unknown}
 h - a potion of degeneration {unknown}
 i - 2 potions of resistance {unknown}
 j - 7 potions of curing {unknown}
 l - 2 potions of attraction {unknown}
 n - 2 potions of haste {unknown}
 o - 3 potions of cancellation {unknown}
 s - 2 potions of heal wounds {unknown}
 v - a potion of lignification {unknown}
 x - 2 potions of mutation {unknown}


   Skills:
 - Level 3.0 Fighting
 - Level 12.0 Short Blades
 + Level 8.2 Dodging
 * Level 10.7 Stealth


You had 9 spell levels left.
You didn't know any spells.
Your spell library was empty.

Dungeon Overview and Level Annotations

Branches:
Dungeon (9/15)             Temple (0/1) D:4             Orc (0/2) D:9
   Lair: D:8-11

Altars:
Ashenzari
Cheibriados
Dithmenos
Hepliaklqana
Kikubaaqudgha
Sif Muna
Uskayaw
Wu Jian
Xom
Yredelemnul

Shops:
D:4 *   D:6 (   D:7 [


Innate Abilities, Weirdness & Mutations

You cannot wear most types of armour.
You are amphibious.
You can wear up to eight rings at the same time.
Your skin changes colour to match your surroundings (Stealth+).
Your rubbery body absorbs attacks. (AC +1, EV +1)
((You are camouflaged near water. (Stealth+)))
You have tentacles for arms and can constrict up to eight enemies at once.


Message History

There are monsters nearby!
A bullfrog, a steam dragon and a howler monkey come into view.
The howler monkey howls!
The bullfrog croaks.
The centaur warrior shouts!
The steam dragon hisses angrily.
The centaur warrior wields a +0 longbow.
The centaur warrior shoots an arrow.
The arrow hits you!
The yak bellows!
The centaur warrior shoots an arrow.
The arrow misses you.
There is an open door here.
You hit the centaur warrior but do no damage.
The centaur warrior is poisoned.
You squeeze the centaur warrior, but do no damage.
The centaur warrior unwields a +0 longbow.
The centaur warrior hits you! The centaur warrior kicks you.
You puncture the centaur warrior!
You squeeze the centaur warrior, but do no damage.
The centaur warrior is lightly wounded.
You barely miss the centaur warrior.
The centaur warrior is lightly wounded.
The centaur warrior hits you! The centaur warrior misses you.
You puncture the centaur warrior!
The centaur warrior looks as sick as possible!
The centaur warrior is moderately wounded.
The centaur warrior hits you!
* * * LOW HITPOINT WARNING * * *
The centaur warrior closely misses you.
Okay, then.
Okay, then.
As you read the scroll of fear, it crumbles to dust.
You assume a fearsome visage.
The yak looks frightened!
The centaur warrior looks frightened!
The centaur warrior wails, "Help!"
Okay, then.
The steam dragon breathes steam at you. The ball of steam misses you.
As you read the scroll of fear, it crumbles to dust.
You assume a fearsome visage.
The steam dragon looks frightened!
The centaur warrior wields a +0 longbow.
The centaur warrior shoots an arrow.
The arrow hits you!
You die...

#.........##'#
##............##
..)....)....†..#
#########
.####..........##
#........ .#
####........###
#........ .#
###........####
#........ .#
##..........####........
.#
#..................>...
.#
##.c§.@.......#........
.#
#D##§........#.#######
.#
#Yc####......#.#.._..#
.#
##....###....#.#.†...#
.# #.c....##...#.#.....#
.# #D.#....#...#.#.....#
#..##hF.##..#.#.....#
...# #... .. ##'''##
...# ... .. #.....#


You could see a centaur warrior (very poisoned) and a steam dragon (fleeing).

Vanquished Creatures
  A two-headed ogre (D:9)
  Maurice (D:8)
  2 hornets
  A steam dragon (D:8)
  5 yaks
  An acid dragon (D:9)
  A water moccasin (D:9)
  5 orc warriors
  2 sky beasts
  2 centaurs
  2 phantoms
  2 kobold brigands
  Blork the orc (D:5)
  2 bullfrogs
  A wyvern zombie (D:7)
  A gnoll sergeant (D:9)
  2 scorpions
  5 water moccasin skeletons
  4 killer bees (D:9)
  8 wights (D:7)
  A vampire bat (D:3)
  5 centaur zombies
  A jelly (D:6)
  5 orc priests
  A bullfrog zombie (D:7)
  A gnoll shaman (D:8)
  3 hounds
  A bullfrog skeleton (D:4)
  An iguana (D:5)
  Natasha (D:2)
  12 orc wizards
  2 killer bee zombies (D:7)
  5 howler monkey zombies
  11 gnolls
  A howler monkey skeleton (D:2)
  5 adders
  An ufetubus (D:6)
  An adder skeleton (D:4)
  2 worms
  4 dart slugs
  3 fire bats (D:3)
  25 orcs
  2 spectral bats (D:3)
  9 ball pythons
  16 bats
  3 bat skeletons (D:3)
  A bat zombie (D:3)
  6 endoplasms
  7 giant cockroaches
  9 goblins
  5 hobgoblins
  3 jackals (D:3)
  14 kobolds
  7 quokkas
  A bat simulacrum (D:3)
  2 frilled lizards
  A jackal skeleton (D:4)
  5 rats
232 creatures vanquished.

Vanquished Creatures (others)
  2 plants (D:1)
  A withered plant (D:1)
3 creatures vanquished.

Grand Total: 235 creatures vanquished

Notes
Turn   | Place    | Note
-------+----------+-------------------------------------------
     0 | D:1      | Froggeryz the Octopode Berserker began the quest for the
                  | Orb.
     0 | D:1      | Reached XP level 1. HP: 16/16 MP: 1/1
   195 | D:1      | Reached skill level 1 in Stealth
   222 | D:1      | Reached XP level 2. HP: 21/21 MP: 2/2
   243 | D:1      | Found a faded altar of an unknown god.
   794 | D:1      | Reached XP level 3. HP: 26/26 MP: 3/3
  1064 | D:2      | Reached ** piety under Trog
  1129 | D:2      | Reached skill level 4 in Short Blades
  1260 | D:2      | Reached XP level 4. HP: 31/31 MP: 4/4
  1279 | D:2      | Found a snail-covered altar of Cheibriados.
  1602 | D:2      | Noticed Natasha
  1613 | D:2      | Killed Natasha
  1957 | D:3      | Reached skill level 5 in Short Blades
  1957 | D:3      | Reached XP level 5. HP: 36/36 MP: 5/5
  2330 | D:3      | Reached *** piety under Trog
  2688 | D:3      | Reached XP level 6. HP: 42/42 MP: 6/6
  2753 | D:3      | Reached skill level 6 in Short Blades
  2831 | D:3      | Reached skill level 5 in Stealth
  3139 | D:4      | Found a staircase to the Ecumenical Temple.
  3733 | D:4      | Reached XP level 7. HP: 46/46 MP: 7/7
  3771 | D:4      | Found a broken altar of Ashenzari.
  3771 | D:4      | Found a hide-covered altar of Uskayaw.
  3776 | D:4      | Noticed a yak
  3776 | D:4      | Noticed a yak
  3776 | D:4      | Noticed a yak
  3778 | D:4      | Noticed a yak
  3779 | D:4      | Noticed a yak
  3827 | D:3      | Killed a yak
  3945 | D:4      | Reached skill level 7 in Short Blades
  4348 | D:4      | Noticed a yak
  4384 | D:3      | HP: 2/46 [yak (13)]
  4676 | D:3      | Killed a yak
  4684 | D:3      | Killed a yak
  4685 | D:3      | Reached skill level 8 in Short Blades
  4685 | D:3      | Reached XP level 8. HP: 52/52 MP: 8/8
  4827 | D:4      | Found Kickau's Assorted Antiques.
  4835 | D:4      | Bought a scroll labelled HEENEA LYTS for 24 gold pieces
  4835 | D:4      | Bought a black potion for 21 gold pieces
  4835 | D:4      | Bought a fizzy emerald potion for 21 gold pieces
  4976 | D:4      | Reached **** piety under Trog
  5254 | D:5      | Entered Level 5 of the Dungeon
  5427 | D:5      | Noticed Blork the orc
  5434 | D:5      | Killed Blork the orc
  5782 | D:5      | Found a hazy altar of Hepliaklqana.
  5892 | D:5      | Found a shadowy altar of Dithmenos.
  5899 | D:5      | Reached skill level 9 in Short Blades
  6543 | D:6      | Reached XP level 9. HP: 56/56 MP: 9/9
  6598 | D:6      | Reached skill level 5 in Dodging
  6766 | D:6      | Reached skill level 10 in Short Blades
  6892 | D:6      | Found a shimmering blue altar of Sif Muna.
  7293 | D:6      | Found Lonifrol's Antique Weapon Boutique.
  7402 | D:7      | Found a basalt altar of Yredelemnul.
  7640 | D:7      | Reached ***** piety under Trog
  8351 | D:7      | Reached skill level 11 in Short Blades
  8426 | D:7      | Found Rofureniw's Antique Armour Emporium.
  8719 | D:7      | Found an ancient bone altar of Kikubaaqudgha.
  8719 | D:7      | Found a shimmering altar of Xom.
  8749 | D:7      | Noticed a hornet
  8760 | D:7      | Killed a hornet
  9232 | D:8      | Reached XP level 10. HP: 57/63 MP: 10/10
  9267 | D:8      | Noticed Maurice
  9282 | D:8      | Killed Maurice
  9662 | D:8      | Found an ornate altar of the Wu Jian Council.
  9762 | D:8      | Reached skill level 12 in Short Blades
 10304 | D:9      | Found a snail-covered altar of Cheibriados.
 10586 | D:9      | Found a staircase to the Orcish Mines.
 10735 | D:9      | Noticed a two-headed ogre
 10746 | D:9      | Killed a two-headed ogre
 10750 | D:9      | Reached skill level 10 in Stealth
 11360 | D:9      | Noticed a centaur warrior
 11374 | D:9      | Shot with an arrow by a centaur warrior

Illustrated notes

Levels and vault maps discovered:
D:1:      eino_arrival_cavern_a, layout_basic,
          shapermc_ecumenical_altar_flowoftime, serial_bayou_crossing
D:2:      layout_rooms, basic_altar, kennysheep_cross_bottleneck,
          minmay_pentomino_p2, uniq_natasha
D:3:      layout_loops_corners, nrook_mini_vaults, goddamned_bats
D:4:      layout_gridville, gammafunk_temple_overflow_wave,
          minmay_temple_entry_mini_moons, serial_shops, nicolae_diamond_shop
D:5:      layout_basic, kennysheep_little_box,
          nicolae_dithmenos_through_a_glass_darkly, hex_large,
          uniq_blork_the_orc
D:6:      layout_rooms, kennysheep_orc_sif_temple, serial_shops,
          kennysheep_mini, amcnicky_mini_rare_corridor_liquid
D:7:      layout_basic, nicolae_yredelemnul_corpse_copse,
          gammafunk_temple_overflow_pools, serial_shops, shop
D:8:      layout_cave_pools, nzn_wu_jian_council_hall, uniq_maurice
D:9:      minmay_quarter_circles, layout_long_grid, slow_altar_2

Skill      XL: |  1  2  3  4  5  6  7  8  9 10 |
---------------+-------------------------------+-----
Stealth        | 1 2 3 4 5 7 10 | 10.7
Short Blades   | 4 5 6 8 9 11 12 | 12.0
Dodging        | 4 6 8 |  8.2
Fighting       | |  3.0

Action                   |  1- 3 |  4- 6 |  7- 9 | 10-12 || total
-------------------------+-------+-------+-------+-------++-------
Melee: Short sword       |    60 |   140 |    32 |       ||   232
       Constrict         |    19 |    36 |    38 |    24 ||   117
       Tentacles         |     7 |    35 |    56 |    45 ||   143
       Dagger            |       |       |   232 |   151 ||   383
Invok: Berserk           |       |     3 |    10 |     5 ||    18
       Trog's Hand       |       |       |       |     1 ||     1
  Use: Scroll            |       |       |    11 |     6 ||    17
 Stab: Sleeping          |    13 |    15 |    22 |     2 ||    52
       Distracted        |       |       |     2 |     2 ||     4
Armor: Skin              |     2 |    19 |    14 |     8 ||    43
Dodge: Dodged            |    25 |   121 |   103 |    75 ||   324

Table legend: (Time is in decaauts)
 A = Elapsed time spent in this place.
 B = Non-inter-level travel time spent in this place.
 C = Inter-level travel time spent in this place.
 D = Time resting spent in this place.
 E = Time spent auto-exploring this place.
 F = Levels seen in this place.
 G = Mean time per level.
                   A        B        C        D        E       F      G
               +--------+--------+--------+--------+--------+-----+--------+
         Total |  11331 |  10903 |    428 |   2477 |   6942 |   9 | 1259.0 |
       Dungeon |  11331 |  10903 |    428 |   2477 |   6942 |   9 | 1259.0 |
               +--------+--------+--------+--------+--------+-----+--------+

Top non-repeatable levels by time:
     D:3: 1910 daAuts
     D:7: 1870 daAuts
     D:6: 1364 daAuts
     D:4: 1181 daAuts
     D:2: 1127 daAuts
     D:1: 1053 daAuts
     D:5: 970 daAuts
     D:8: 946 daAuts
     D:9: 906 daAuts
